Map: Dusk Towers

Players

Strange

  • Race: Protoss Protoss

EnVyUsPolt (Polt) - Winner!

  • Race: Terran Terran
  • League: Master

Event: DreamHack Open Tours WCS Spring Championship

VOD

Have the link to the VOD?

Description

Time

  • Played on: May 14, 2016, 8:10 a.m.
  • Length: 7:01

All games in this series

Show
View Real Time Build Order
Export as new Build Order

Strange Protoss 

Build Orders: 1 Gate Expand, Blink Stalkers 

Get SALT Encoding   

  12  0:01  Probe (Chrono Boost)  
  13  0:11  Probe (Chrono Boost)  
  14  0:17  Pylon  
  14  0:22  Probe (Chrono Boost)  
  15  0:35  Probe (Chrono Boost)  
  16  0:38  Gateway  
  16  0:43  Assimilator  
  16  0:47  Probe (Chrono Boost)  
  17  0:58  Probe (Chrono Boost)  
  18  1:08  Probe (Chrono Boost)  
  19  1:21  Nexus  
  19  1:34  Cybernetics Core  
  19  1:35  Probe (Chrono Boost)  
  20  1:41  Assimilator  
  20  1:46  Probe (Chrono Boost)  
  21  1:51  Pylon  
  21  1:56  Probe (Chrono Boost)  
  21  2:11  Mothership Core (Chrono Boost), Adept  
  25  2:17  Warp Gate  
  25  2:29  Probe (Chrono Boost)  
  26  2:33  Probe (Chrono Boost)  
  27  2:40  Probe (Chrono Boost)  
  27  2:42  Adept (Chrono Boost)  
  31  2:44  Probe (Chrono Boost)  
  31  2:50  Probe (Chrono Boost)  
  32  2:54  Twilight Council  
  32  2:55  Probe (Chrono Boost)  
  33  3:01  Probe (Chrono Boost)  
  33  3:04  Probe (Chrono Boost)  
  35  3:09  Stalker (Chrono Boost)  
  35  3:11  Probe  
  38  3:15  Probe, Robotics Facility  
  39  3:23  Probe  
  39  3:25  Probe  
  41  3:35  Probe  
  41  3:36  Pylon, Stalker (Chrono Boost)  
  41  3:38  Blink  
  41  3:39  Probe  
  45  3:46  Pylon  
  45  3:47  Probe  
  46  3:49  Assimilator  
  46  3:54  Probe  
  46  4:00  Probe  
  48  4:05  Observer (Chrono Boost)  
  48  4:06  Probe  
  50  4:12  Probe  
  51  4:17  Pylon  
  51  4:18  Probe  
  51  4:24  Probe  
  53  4:25  Pylon  
  52  4:38  Assimilator  
  52  4:39  Nexus  
  52  4:40  Pylon  
  51  4:46  Pylon  
  51  4:50  Probe x2, Pylon  
  53  4:54  Observer (Chrono Boost)  
  54  5:00  Gateway  
  54  5:02  Probe x2  
  54  5:04  Gateway  
  55  5:14  Probe x2  
  56  5:18  Observer (Chrono Boost)  
  56  5:20  Sentry  
  60  5:24  Forge  
  60  5:26  Probe  
  60  5:28  Gateway x2  
  61  5:31  Gateway  
  61  5:33  Pylon  
  61  5:35  Probe  
  62  5:38  Probe  
  63  5:46  Sentry  
  63  5:48  Probe, Pylon  
  66  5:51  Probe, Warp Prism (Chrono Boost)  
  66  5:52  Probe  
  70  6:01  Probe  
  70  6:03  Probe  
  72  6:04  Probe  
  72  6:11  Sentry x3  
  79  6:13  Probe  
  79  6:16  Probe  
  79  6:17  Probe  
  82  6:23  Pylon  
  82  6:24  Photon Cannon  
  82  6:25  Probe  
  83  6:27  Photon Cannon  
  83  6:28  Pylon  
  83  6:35  Stalker x2, Adept  
  83  6:37  Probe  
  94  6:47  Adept x2  
  94  6:48  Sentry  
Show
View Real Time Build Order
Export as new Build Order

EnVyUsPolt Terran - Winner!

Build Orders: 1/1/1, MMM Bio 

Get SALT Encoding   

  12  0:00  SCV  
  13  0:12  SCV  
  14  0:17  Supply Depot  
  14  0:25  SCV  
  14  0:27  Refinery  
  15  0:38  SCV  
  16  0:44  Barracks  
  16  0:51  SCV  
  16  0:57  Supply Depot  
  17  1:03  SCV  
  18  1:15  SCV  
  19  1:27  SCV  
  20  1:36  Marine  
  20  1:39  Orbital Command  
  21  1:40  Factory  
  21  1:53  Marine  
  22  2:03  Supply Depot  
  22  2:06  SCV  
  23  2:11  Marine  
  24  2:18  SCV  
  25  2:25  Starport, Widow Mine  
  25  2:29  Marine  
  28  2:34  SCV  
  29  2:44  Command Center  
  29  2:46  SCV  
  29  2:48  Marine  
  31  2:56  Refinery  
  31  2:58  SCV  
  32  3:01  Medivac  
  34  3:06  Marine  
  34  3:10  SCV  
  36  3:16  Barracks, Widow Mine  
  38  3:22  SCV  
  39  3:27  Supply Depot  
  39  3:35  Barracks Tech Lab  
  39  3:40  Barracks  
  39  3:49  SCV, Factory Reactor  
  39  3:50  Starport Reactor  
  39  3:53  Marine  
  39  3:54  Stimpack  
  41  3:58  Orbital Command  
  41  4:01  SCV  
  42  4:13  SCV  
  43  4:17  Marine x2  
  45  4:25  SCV  
  45  4:31  Barracks Tech Lab  
  46  4:35  Marauder  
  46  4:37  SCV  
  46  4:41  SCV  
  47  4:49  SCV, Marauder, Marine x2  
  47  4:50  Combat Shields  
  52  4:53  Supply Depot  
  52  4:55  Supply Depot, SCV  
  52  4:56  Marine  
  54  5:00  Medivac  
  54  5:01  SCV  
  57  5:07  SCV  
  57  5:11  Marine x2  
  57  5:12  Marauder  
  57  5:13  SCV  
  61  5:14  Marine  
  61  5:16  Supply Depot, Engineering Bay  
  61  5:19  SCV  
  63  5:23  Medivac  
  63  5:25  SCV  
  66  5:29  Marine x2  
  66  5:30  Medivac  
  66  5:31  SCV  
  66  5:32  Marauder  
  66  5:33  Supply Depot, Marine  
  66  5:35  Refinery  
  74  5:40  Refinery  
  74  5:44  SCV  
  74  5:45  SCV  
  74  5:47  Marine x2  
  78  5:51  Marauder  
  78  5:52  Supply Depot  
  78  5:53  Marine  
  81  6:01  Concussive Shells  
  81  6:05  Command Center  
  81  6:09  Marine x2  
  83  6:12  Marauder, Marine  
  83  6:15  SCV x2  
  88  6:20  Supply Depot  
  88  6:24  Medivac  
  90  6:30  Medivac  
  92  6:36  Barracks x2  
  92  6:37  Marauder  
  92  6:38  Marine x3  
  97  6:48  Supply Depot  
  97  6:49  Supply Depot  

Tags
 
Add a new tag
Caveats
  • Supply blocks, unpowered buildings, or Contaminate may cause inaccurate times.
  • Supply counts are checked every 10 seconds.